 Seeded DCSS version 0.28-a0-1227-ga9037bb4c8 (webtiles) character file.

Game seed: 16921015803761842280 (custom seed)

30 flotson the Ducker (level 3, 0/28 HPs)
             Began as a Demonspawn Gladiator on Dec 23, 2021.
             Slain by Jessica (5 damage)
             ... on level 2 of the Dungeon.
             The game lasted 00:01:30 (1231 turns).

flotson the Ducker (Demonspawn Gladiator)           Turns: 1231, Time: 00:01:32

Health: 0/28       AC:  4    Str: 16    XL:     3   Next: 5%
Magic:  3/3        EV: 12    Int:  9    God:
Gold:   74         SH:  4    Dex: 14    Spells: 2/2 levels left

rFire   . . .      SeeInvis .   a - +0 flail
rCold   . . .      Faith    .   (no shield)
rNeg    . . .      Spirit   .   b - +0 leather armour
rPois   .          Reflect  .   c - +0 helmet
rElec   .          Harm     .   (no cloak)
rCorr   .          Rampage  .   (no gloves)
Will    .....                   (no boots)
Stlth   +.........              (no amulet)
HPRegen 0.09/turn               (no ring)
MPRegen 0.08/turn               (no ring)

@: slowed, very slow
A: claws 1, condensation shield
a: no special abilities


You were on level 2 of the Dungeon.
You visited 1 branch of the dungeon, and saw 2 of its levels.

You collected 74 gold pieces.

Inventory:

Hand Weapons
 a - a +0 flail (weapon)
Missiles
 d - 3 throwing nets (quivered)
Armour
 b - a +0 leather armour (worn)
 c - a +0 helmet (worn)
Scrolls
 e - a scroll of vulnerability {unknown}
 f - 2 scrolls of noise {unknown}
 h - a scroll of immolation {unknown}
 j - a scroll of identify {unknown}
Potions
 g - a potion of flight {unknown}
 i - a potion of heal wounds {unknown}
 k - 2 potions of curing {unknown}
 l - a potion of berserk rage {unknown}


   Skills:
 + Level 2.4 Fighting
 + Level 3.0 Maces & Flails
 + Level 2.1 Throwing
 + Level 0.4 Armour
 + Level 3.0 Dodging


You had 2 spell levels left.
You didn't know any spells.
Your spell library was empty.

Dungeon Overview and Level Annotations

Branches:
Dungeon (2/15)

Altars:
Ru

Shops:
D:2 (

Annotations:
D:2 Jessica


Innate Abilities, Weirdness & Mutations

You have sharp fingernails.
A meltable shield of frost defends you. (SH +4)


Message History

Jessica seems to speed up.
You closely miss Jessica.
Jessica gestures wildly while chanting.
Jessica blinks!
Jessica casts a spell at you.
You feel yourself slow down.
Jessica hits you with a +6 spectral club.
Jessica looks very angry.
Jessica gestures at you while chanting. You resist with some effort.
You closely miss Jessica.
Jessica hits you with a +6 spectral club!
Jessica hits you with a +6 spectral club.
Jessica misses you.
You are too injured to fight recklessly!
You are too injured to fight recklessly!
You are too injured to fight recklessly!
You are too injured to fight recklessly!
You are too injured to fight recklessly!
You are too injured to fight recklessly!
You are too injured to fight recklessly!
You are too injured to fight recklessly!
You are too injured to fight recklessly!
You are too injured to fight recklessly!
You are too injured to fight recklessly!
You are too injured to fight recklessly!
You hit Jessica.
Jessica is heavily wounded.
Jessica casts a spell at you. Pain shoots through your body!
* * * LOW HITPOINT WARNING * * *
Jessica closely misses you. Jessica barely misses you.
You completely miss Jessica.
Jessica is heavily wounded.
Jessica points at you and mumbles some strange words.
Pain shoots through your body!
* * * LOW HITPOINT WARNING * * *
Jessica misses you.
Jessica hits you with a +6 spectral club.
You die...

### .. ######## .#
## #......##)# ..#
#.####.#..+ ....
####.##....?##....#
#.....+............
#..#.##..@@..######
#..#.#.......#
#..#.#.###+#.#
#..#.#.. .#
###..#.#.#.# .#
#....#...#<# ..
##.#..#.....# ..
#.....#...# ...
#....>....#+#


You could see Jessica (fast).

Vanquished Creatures
  3 bats
  3 endoplasms
  2 giant cockroaches (D:2)
  A goblin (D:2)
  5 hobgoblins
  2 kobolds
  A quokka (D:1)
  5 ball pythons (D:1)
  2 frilled lizards
  4 rats
28 creatures vanquished.

Notes
Turn   | Place    | Note
-------+----------+-------------------------------------------
     0 | D:1      | flotson the Demonspawn Gladiator began the quest for the
                  | Orb.
     0 | D:1      | Reached XP level 1. HP: 16/16 MP: 1/1
   255 | D:1      | Found a faded altar of an unknown god.
   288 | D:1      | Gained mutation: A meltable shield of frost defends you.
                  | (SH +4) [demonic ancestry]
   288 | D:1      | Reached XP level 2. HP: 20/22 MP: 2/2
   790 | D:2      | Found a sacrificial altar of Ru.
   856 | D:2      | Found Naizewix's Antique Weapon Boutique.
  1215 | D:2      | Gained mutation: You have sharp fingernails. [demonic
                  | ancestry]
  1215 | D:2      | Reached XP level 3. HP: 25/28 MP: 3/3
  1221 | D:2      | Noticed Jessica
  1231 | D:2      | Slain by Jessica

Illustrated notes

Levels and vault maps discovered:
D:1:      psy_arrival_spokes, layout_rooms, nicolae_ecumenical_snake_handling,
          minivault_24
D:2:      kb_forest_paths, layout_basic, serial_shops, nicolae_shop_stone,
          basic_altar, uniq_jessica

Skill      XL: |  1  2 |
---------------+-------+-----
Throwing       | 2 |  2.1
Dodging        | 3 |  3.0
Maces & Flails | 3 |  3.0
Fighting       | |  2.4
Armour         | |  0.4

Action                   || total
-------------------------++-------
Melee: Flail             ||    67
 Stab: Sleeping          ||     2
Armor: Leather armour    ||    18
Dodge: Dodged            ||    46
Block: Other             ||     5

Table legend: (Time is in decaauts)
 A = Elapsed time spent in this place.
 B = Non-inter-level travel time spent in this place.
 C = Inter-level travel time spent in this place.
 D = Time resting spent in this place.
 E = Time spent auto-exploring this place.
 F = Levels seen in this place.
 G = Mean time per level.
                   A        B        C        D        E       F      G
               +--------+--------+--------+--------+--------+-----+--------+
         Total |   1250 |   1233 |     17 |      0 |   1049 |   2 |  625.0 |
       Dungeon |   1250 |   1233 |     17 |      0 |   1049 |   2 |  625.0 |
               +--------+--------+--------+--------+--------+-----+--------+

Top non-repeatable levels by time:
     D:1: 769 daAuts
     D:2: 480 daAuts
